 Dungeon Sprint DCSS version 0.30.1-9-gdf580d7c3d (webtiles) character file.

Game seed: 13860770325024598079

17 Heoruswealwe the Poker (level 2, -2/28 HPs)
             Began as a Minotaur Fighter on Oct 12, 2023.
             Slain by an ogre
             ... wielding a +0 giant club
              (27 damage)
             ... in the Dungeon (Sprint IX: "|||||||||||||||||||||||||||||").
             The game lasted 00:00:23 (49 turns).

Heoruswealwe the Poker (Minotaur Fighter)             Turns: 49, Time: 00:00:23

Health: -2/28      AC:  7    Str: 20    XL:     2   Next: 44%
Magic:  1/1        EV:  9    Int:  5    God:
Gold:   0          SH:  4    Dex:  9    Spells: 1/1 levels left

rFire   . . .        a - +0 trident
rCold   . . .        d - +0 buckler
rNeg    . . .        c - +0 scale mail
rPois   .            (helmet restricted)
rElec   .            (no cloak)
rCorr   .            (no gloves)
SInv    .            (no boots)
Will    .....        (no amulet) Stlth
                     (no ring)
HPRegen 0.24/turn    (no ring)
MPRegen 0.07/turn

%: no teleportation
@: no status effects
A: horns 2, retaliatory headbutt
a: no special abilities


You were in the Dungeon.
You visited 1 branch

Inventory:

Hand Weapons
 a - a +0 trident (weapon)
Armour
 c - a +0 scale mail (worn)
 d - a +0 buckler (worn)
Scrolls
 j - a scroll of blinking
Potions
 b - a potion of might
 e - a potion of curing
 f - a potion of heal wounds
 g - a potion of haste
 i - a potion of berserk rage


   Skills:
 + Level 4.7 Fighting
 * Level 4.9 Polearms
 + Level 4.7 Armour
 - Level 3.6 Shields


You had one spell level left.
You didn't know any spells.
Your spell library was empty.

Dungeon Overview and Level Annotations

Branches:
Dungeon (1/1)

Altars:


Innate Abilities, Weirdness & Mutations

You have a pair of horns on your head.
You reflexively headbutt those who attack you in melee.


Message History

You see here a +0 whip.
You start resting.
HP restored.
You open the door.
A hound, an ogre, 2 orcs and an adder come into view.
The orc shouts!
The hound barks!
The ogre shouts!
The orc shouts!
The adder hisses angrily.
The adder bites you but does no damage.
You miss the adder. The adder completely misses you.
You miss the adder. The adder bites you but does no damage.
The adder bites you.
You barely miss the adder. The adder bites you but does no damage.
You closely miss the adder. You headbutt the adder!
The adder is heavily wounded.
The adder bites you. You block the adder's attack.
You miss the adder.
The adder is heavily wounded.
The adder bites you.
You barely miss the adder.
The adder is heavily wounded.
The adder closely misses you. The adder bites you.
You closely miss the adder. Your headbutt misses the adder.
The adder is heavily wounded.
The adder closely misses you.
You puncture the adder!
You kill the adder!
Your Polearms skill increases to level 4!
You have reached level 2!
You completely miss the orc. You block the orc's attack.
You hit the orc.
The orc is lightly wounded.
The orc hits you but does no damage. x2
You puncture the orc!
You kill the orc!
You hit the ogre.
The ogre is moderately wounded.
The hound stops to sniff the ground.
The ogre hits you with a +0 giant club!!
Ouch! That really hurt!
You die... ▓▓▓▓▓▓▓▓▓▓▓▓▓▓▓▓▓▓ +..o.hO@....).!.<▓ ▓▓▓▓▓▓▓▓▓▓▓▓▓▓▓▓▓▓

You could see an ogre, a hound and an orc.

Vanquished Creatures
  An adder (D)
  An orc (D)
  An endoplasm (D)
  A giant cockroach (D)
  A hobgoblin (D)
  A ball python (D)
  A kobold (D)
7 creatures vanquished.

Notes
Turn   | Place    | Note
-------+----------+-------------------------------------------
     0 | D        | Heoruswealwe the Minotaur Fighter began the quest for the
                  | Orb.
     0 | D        | Reached XP level 1. HP: 19/19 MP: 0/0
    37 | D        | Noticed a hound
    37 | D        | Noticed an ogre
    46 | D        | Reached XP level 2. HP: 24/28 MP: 1/1
    49 | D        | Slain by an ogre

Illustrated notes

Levels and vault maps discovered:
D:        linesprint [early_d, line_temple, items_1, d_10, items_2, lair_1,
          lair_end, items_3, orc_1, orc_end, items_4, d_15, swamp_1, shoals_1,
          snake_1, spider_1, d_20, vaults_1, items_5, swamp_end, shoals_end,
          snake_end, spider_end, vaults_end, d_27, items_6, zot_1, zot_end,
          crypt_end, forest_end, elf_end, slime_end, tomb_end, abyss_end,
          pan_hell_end]

Skill      XL: |  1 |
---------------+----+-----
Polearms       | 4 |  4.9
Fighting       | 4 |  4.7
Armour         | 4 |  4.7
Shields        | |  3.6

Action                     || total
---------------------------++-------
  Melee: Trident           ||    29
         Headbutt          ||     3
 Armour: Scale mail        ||    10
  Dodge: Dodged            ||    11
  Block: Buckler           ||     5
